 Dungeon Sprint DCSS version 0.26-a0-652-gafc20e3620 (webtiles) character file.

Game seed: 3184552916800382773

114 sahdkjhfkaj the Sneak (level 4, 0/35 HPs)
             Began as a Gnoll Enchanter on Oct 3, 2020.
             Was an Initiate of Gozag.
             Slain by a quokka (5 damage)
             ... in the Dungeon (Sprint VII: "The Pits").
             The game lasted 00:00:37 (167 turns).

sahdkjhfkaj the Sneak (Gnoll Enchanter)              Turns: 167, Time: 00:00:37

Health: 0/35       AC:  2    Str: 11    XL:     4   Next: 98%
Magic:  11/11      EV: 16    Int: 17    God:    Gozag
Gold:   324        SH:  0    Dex: 16    Spells: 13/14 levels left

rFire    . . .     SeeInvis .   c - +2 dagger
rCold    . . .     Faith    .   (no shield)
rNeg     . . .     Spirit   .   b - +0 robe
rPois    .         Reflect  .   (no helmet)
rElec    .         Harm     .   (no cloak)
rCorr    .         Rampage  .   (no gloves)
MR       .....     NoTele   +   (no boots)
Stlth    ++++......             (no amulet)
HPRegen  0.11/turn              (no ring)
MPRegen  0.12/turn              (no ring)

@: gold aura
A: distributed training, fangs 1, strong nose
a: Potion Petition, Call Merchant, Bribe Branch, Renounce Religion


You were in the Dungeon.
You worshipped Gozag.
Gozag was aware of your devotion.
You visited 1 branch You collected 324 gold pieces.

Inventory:

Hand Weapons
 c - a +2 dagger (weapon)
Armour
 b - a +0 robe (worn)
Scrolls
 i - a scroll of blinking
 j - 3 scrolls of remove curse
 k - 5 scrolls of amnesia
 l - a scroll of summoning
 m - 2 scrolls of vulnerability
Potions
 a - 2 potions of invisibility
 d - a potion of curing
 e - a potion of heal wounds
 f - a potion of haste
 g - 4 potions of magic
 h - 3 potions of berserk rage


   Skills:
 + Level 3.1 Fighting
 + Level 4.0 Short Blades
 + Level 3.1 Long Blades
 + Level 3.1 Axes
 + Level 3.1 Maces & Flails
 + Level 3.1 Polearms
 + Level 3.1 Staves
 + Level 3.1 Slings
 + Level 3.1 Bows
 + Level 3.1 Crossbows
 + Level 3.1 Throwing
 + Level 3.1 Armour
 + Level 5.5 Dodging
 + Level 6.8 Stealth
 + Level 3.1 Shields
 + Level 3.1 Unarmed Combat
 + Level 5.9 Spellcasting
 + Level 2.5 Conjurations
 + Level 6.0 Hexes
 + Level 2.5 Summonings
 + Level 2.5 Necromancy
 + Level 2.5 Translocations
 + Level 2.5 Transmutations
 + Level 2.5 Fire Magic
 + Level 2.5 Ice Magic
 + Level 2.5 Air Magic
 + Level 2.5 Earth Magic
 + Level 2.5 Poison Magic
 + Level 3.4 Invocations
 + Level 3.1 Evocations


You had 13 spell levels left.
You knew the following spells:

 Your Spells              Type           Power        Failure   Level
a - Corona                Hex            ####...      1%          1

Your spell library contained the following spells:

 Spells                   Type           Power        Failure   Level
 Ensorcelled Hibernation  Hex/Ice        ###...       3%          2
 Confusing Touch          Hex            ####....     3%          3
 Tukima's Dance           Hex            ####....     3%          3
 Dazzling Flash           Conj/Hex       ###...       7%          3


Dungeon Overview and Level Annotations

Branches:
Dungeon (1/1)

Altars:
Ashenzari
Cheibriados
Dithmenos
Elyvilon
Fedhas
Gozag
Hepliaklqana
Kikubaaqudgha
Makhleb
Nemelex Xobeh
Okawaru
Qazlal
Ru
Sif Muna
Trog
Uskayaw
Vehumet
Wu Jian
Xom
Yredelemnul
Zin
The Shining One
Beogh
Jiyva
Lugonu


Innate Abilities, Weirdness & Mutations

Your experience applies equally to all skills.
You have very sharp teeth.
Your uncanny sense of smell can sniff out nearby items.


Message History

The bat zombie closely misses you.
Unknown command.
You hit the quokka.
The quokka is severely wounded.
The bat zombie becomes distracted by the nearby gold, dreaming of imaginary riches.
The quokka misses you.
Unknown command.
You hit the quokka.
The quokka is almost dead.
The quokka barely misses you.
Unknown command.
You hit the quokka but do no damage.
The quokka is almost dead.
The quokka misses you.
Unknown command.
You closely miss the quokka.
The quokka is almost dead.
The quokka bites you.
You die...
Your body crumbles into a pile of gold.

#.........).'.........
#+#####'#####......#..
#..#..#∆∆ #.........
#..'..#∆∆ ####'#####
#..####∆∆ #.......#
#..#..#∆∆ #.......#
#..#..#∆∆ #.......#
##'#$.#+###...<...#
#..@r....##.......#
#...Z....##.......#
###########.......#
######### ∆∆∆∆


You could see a bat zombie and a quokka.

Vanquished Creatures
  A floating eye (D)
  An ufetubus (D)
  A ball python (D)
  A giant cockroach (D)
  A hobgoblin (D)
  A kobold (D)
  A quokka (D)
  A bat (D)
8 creatures vanquished.

Notes
Turn   | Place    | Note
-------+----------+-------------------------------------------
     0 | D        | sahdkjhfkaj the Gnoll Enchanter began the quest for the
                  | Orb.
     0 | D        | Reached XP level 1. HP: 13/13 MP: 6/6
    14 | D        | Found a bloodstained altar of Trog.
    14 | D        | Found a shimmering blue altar of Sif Muna.
    14 | D        | Found a viscous altar of Jiyva.
    14 | D        | Found a hazy altar of Hepliaklqana.
    14 | D        | Found an opulent altar of Gozag.
    15 | D        | Found a glowing golden altar of the Shining One.
    15 | D        | Found a glowing silver altar of Zin.
    15 | D        | Found a basalt altar of Yredelemnul.
    15 | D        | Found a shimmering altar of Xom.
    15 | D        | Found an ornate altar of the Wu Jian Council.
    15 | D        | Found a sacrificial altar of Ru.
    15 | D        | Found a stormy altar of Qazlal.
    15 | D        | Found an iron altar of Okawaru.
    15 | D        | Found a sparkling altar of Nemelex Xobeh.
    15 | D        | Found a burning altar of Makhleb.
    15 | D        | Found a blossoming altar of Fedhas.
    15 | D        | Found a white marble altar of Elyvilon.
    15 | D        | Found a shadowy altar of Dithmenos.
    15 | D        | Found a snail-covered altar of Cheibriados.
    16 | D        | Found a radiant altar of Vehumet.
    16 | D        | Found a corrupted altar of Lugonu.
    16 | D        | Found a roughly hewn altar of Beogh.
    17 | D        | Found a hide-covered altar of Uskayaw.
    17 | D        | Found an ancient bone altar of Kikubaaqudgha.
    17 | D        | Found a broken altar of Ashenzari.
    22 | D        | Became a worshipper of Gozag Ym Sagoz the Greedy
    65 | D        | Reached skill level 5 in Spellcasting
    65 | D        | Reached skill level 1 in Invocations
    86 | D        | Reached skill level 1 in Fighting
    86 | D        | Reached skill level 1 in Long Blades
    86 | D        | Reached skill level 1 in Axes
    86 | D        | Reached skill level 1 in Maces & Flails
    86 | D        | Reached skill level 1 in Polearms
    86 | D        | Reached skill level 1 in Staves
    86 | D        | Reached skill level 1 in Slings
    86 | D        | Reached skill level 1 in Bows
    86 | D        | Reached skill level 1 in Crossbows
    86 | D        | Reached skill level 1 in Throwing
    86 | D        | Reached skill level 1 in Armour
    86 | D        | Reached skill level 1 in Shields
    86 | D        | Reached skill level 1 in Unarmed Combat
    86 | D        | Reached skill level 1 in Conjurations
    86 | D        | Reached skill level 1 in Summonings
    86 | D        | Reached skill level 1 in Necromancy
    86 | D        | Reached skill level 1 in Translocations
    86 | D        | Reached skill level 1 in Transmutations
    86 | D        | Reached skill level 1 in Fire Magic
    86 | D        | Reached skill level 1 in Ice Magic
    86 | D        | Reached skill level 1 in Air Magic
    86 | D        | Reached skill level 1 in Earth Magic
    86 | D        | Reached skill level 1 in Poison Magic
    86 | D        | Reached skill level 1 in Evocations
    86 | D        | Reached XP level 2. HP: 17/21 MP: 8/8
   147 | D        | Noticed a floating eye
   148 | D        | Paralysed by a floating eye for 3 turns
   154 | D        | Paralysed by a floating eye for 2 turns
   158 | D        | Killed a floating eye
   158 | D        | Reached skill level 5 in Dodging
   158 | D        | Reached XP level 3. HP: 11/29 MP: 10/10
   158 | D        | Reached XP level 4. HP: 13/35 MP: 11/11
   167 | D        | Slain by a quokka

Illustrated notes

Levels and vault maps discovered:
D:        pitsprint [storerooms_1, entrance_room_1, metal_vault_8, armoury_3,
          mini_pit_1, grid_room_1, main_hall_1, silver_pit, the_coven_3,
          the_vestibule_1, steel_vault_4, golden_pit, hallway_of_sentries,
          crystal_vault_4, iron_vault_4, final_vault]

Skill      XL: |  1  2 |
---------------+-------+-----
Stealth        | 6 |  6.8
Spellcasting   | 5 |  5.9
Invocations    | 1 3 |  3.4
Fighting       | 1 3 |  3.1
Long Blades    | 1 3 |  3.1
Axes           | 1 3 |  3.1
Maces & Flails | 1 3 |  3.1
Polearms       | 1 3 |  3.1
Staves         | 1 3 |  3.1
Slings         | 1 3 |  3.1
Bows           | 1 3 |  3.1
Crossbows      | 1 3 |  3.1
Throwing       | 1 3 |  3.1
Armour         | 1 3 |  3.1
Shields        | 1 3 |  3.1
Unarmed Combat | 1 3 |  3.1
Conjurations   | 1 2 |  2.5
Summonings     | 1 2 |  2.5
Necromancy     | 1 2 |  2.5
Translocations | 1 2 |  2.5
Transmutations | 1 2 |  2.5
Fire Magic     | 1 2 |  2.5
Ice Magic      | 1 2 |  2.5
Air Magic      | 1 2 |  2.5
Earth Magic    | 1 2 |  2.5
Poison Magic   | 1 2 |  2.5
Evocations     | 1 3 |  3.1
Short Blades   | 4 |  4.0
Dodging        | 5 |  5.5
Hexes          | 6 |  6.0

Action                   |  1- 3 |  4- 6 || total
-------------------------+-------+-------++-------
Melee: Dagger            |    15 |     9 ||    24
       Bite              |     1 |       ||     1
 Stab: Sleeping          |     3 |       ||     3
       Distracted        |     1 |       ||     1
Armor: Robe              |    11 |     4 ||    15
Dodge: Dodged            |    11 |    14 ||    25

Table legend: (Time is in decaauts)
 A = Elapsed time spent in this place.
 B = Non-inter-level travel time spent in this place.
 C = Inter-level travel time spent in this place.
 D = Time resting spent in this place.
 E = Time spent auto-exploring this place.
 F = Levels seen in this place.
 G = Mean time per level.
                   A        B        C        D        E       F      G
               +--------+--------+--------+--------+--------+-----+--------+
         Total |    163 |    163 |      0 |     60 |      0 |   1 |  163.0 |
       Dungeon |    163 |    163 |      0 |     60 |      0 |   1 |  163.0 |
               +--------+--------+--------+--------+--------+-----+--------+

Top non-repeatable levels by time:
       D: 163 daAuts
